 Dungeon Crawl Stone Soup version 0.25.1-2-g60ff931df9 (webtiles) character file.

Game seed: 14698983653274455408

14881 JayGee the Severer (level 11, -13/89 HPs)
             Began as a Minotaur Fighter on Oct 25, 2020.
             Was an Elder of Makhleb.
             Mangled by a cyan ugly thing (14 damage)
             ... on level 12 of the Dungeon.
             The game lasted 01:16:05 (16118 turns).

JayGee the Severer (Minotaur Fighter)              Turns: 16118, Time: 01:16:05

Health: -13/89     AC: 14    Str: 24    XL:     11   Next: 94%
Magic:  16/16      EV:  8    Int:  5    God:    Makhleb [****..]
Gold:   756        SH: 12    Dex: 10    Spells: 1/10 levels left

rFire    + . .     SeeInvis .   a - +0 war axe (venom)
rCold    . . .     Gourm    .   c - +2 kite shield
rNeg     . . .     Faith    .   P - +4 scale mail {MR+}
rPois    +         Spirit   .   (helmet restricted)
rElec    .         Reflect  .   j - +2 cloak
rCorr    .         Harm     .   (no gloves)
MR       +....                  (no boots)
Stlth    ..........             (no amulet)
HPRegen  0.24/turn              A - ring of protection from fire
MPRegen  0.15/turn              r - ring of poison resistance

@: about to teleport
A: retaliatory headbutt, horns 2
a: Minor Destruction, Lesser Servant of Makhleb, Major Destruction, Renounce
Religion


You were on level 12 of the Dungeon.
You worshipped Makhleb.
Makhleb was greatly pleased with you.
You were not hungry.

You visited 2 branches of the dungeon, and saw 13 of its levels.

You collected 756 gold pieces.

Inventory:

Hand Weapons
 a - a +0 war axe of venom (weapon)
 h - a +2 flail of protection
 C - a +1 mace of holy wrath
 J - a +2 mace of protection
 L - a +2 flail of holy wrath
Missiles
 v - 12 boomerangs
 w - 58 poisoned darts (quivered)
Armour
 c - a +2 kite shield (worn)
 j - a +2 cloak (worn)
 t - a +0 chain mail
 M - a +0 plate armour
 P - a +4 scale mail of magic resistance (worn)
Jewellery
 m - an uncursed ring of wizardry
 r - a ring of poison resistance (right hand)
 A - a ring of protection from fire (left hand)
Wands
 b - a wand of flame (18)
 q - a wand of acid (4)
 x - a wand of polymorph (3)
 I - a wand of iceblast (6)
 K - a wand of clouds (6)
Scrolls
 d - 5 scrolls of identify
 g - a scroll of immolation {unknown}
 i - 9 scrolls of remove curse
 k - a scroll of amnesia
 p - 2 scrolls of fog {unknown}
 u - a scroll of random uselessness {unknown}
 y - 2 scrolls of enchant weapon {unknown}
 z - 2 scrolls of silence {unknown}
 D - 2 scrolls of magic mapping {unknown}
 G - 2 scrolls of vulnerability {unknown}
 O - a scroll of enchant armour
Potions
 e - a potion of ambrosia {unknown}
 l - 2 potions of curing
 o - a potion of lignification {unknown}
 s - 2 potions of brilliance
 B - 2 potions of flight
 E - a potion of stabbing {unknown}
 F - a potion of berserk rage {unknown}
 H - a potion of mutation {unknown}
 N - a potion of might
Comestibles
 f - 13 rations


   Skills:
 + Level 6.0 Fighting
 + Level 17.6 Axes
 + Level 6.0 Armour
 + Level 6.0 Shields
 + Level 0.1 Spellcasting
 + Level 0.5 Conjurations
 + Level 0.5 Fire Magic
 + Level 8.7 Invocations


You had one spell level left.
You knew the following spells:

 Your Spells              Type           Power        Failure   Level  Hunger
a - Foxfire               Conj/Fire      #...         97%         1    ##.....
b - Conjure Flame         Conj/Fire      #.......     100%        3    ####...
c - Fireball              Conj/Fire      #.........   100%        5    ######.

Your spell library contained the following spells:

 Spells                   Type           Power        Failure   Level  Hunger
 Summon Butterflies       Summ           #.......     98%         1    ##.....
 Call Canine Familiar     Summ           #.......     100%        3    ####...
 Inner Flame              Hex/Fire       #.......     100%        3    ####...
 Sticky Flame             Conj/Fire      #.......     100%        4    #####..
 Summon Ice Beast         Ice/Summ       #.......     100%        4    #####..
 Summon Mana Viper        Hex/Summ       #.......     100%        5    ######.
 Summon Hydra             Summ           #.........   100%        7    #######


Dungeon Overview and Level Annotations

Branches:
Dungeon (12/15)            Temple (1/1) D:6            Lair (0/6) D:10
    Orc (0/2) D:11

Altars:
Ashenzari
Cheibriados
Elyvilon
Gozag
Hepliaklqana
Makhleb
Nemelex Xobeh
Ru
Trog
Uskayaw
Vehumet
Wu Jian

Shops:
D:8 *   D:9 !??==

Annotations:
D:7 2 transporters, amazingginsu's ghost, novice OgBe
D:11 Erolcha


Innate Abilities, Weirdness & Mutations

You reflexively headbutt those who attack you in melee.
You have a pair of horns on your head.


Message History

You hit the cyan ugly thing but do no damage.
The cyan ugly thing looks as sick as possible!
The cyan ugly thing is heavily wounded.
You block the cyan ugly thing's attack.
You slash the cyan ugly thing!
Your headbutt misses the cyan ugly thing.
The cyan ugly thing is severely wounded.
The cyan ugly thing tail-slaps you. The cyan ugly thing shocks you!
You slash the cyan ugly thing!
The cyan ugly thing looks as sick as possible!
The cyan ugly thing is almost dead.
The cyan ugly thing tail-slaps you!
* * * LOW HITPOINT WARNING * * *
The cyan ugly thing shocks you!
* * * LOW HITPOINT WARNING * * *
As you read the scroll of teleportation, it crumbles to dust.
You feel strangely unstable. The cyan ugly thing tail-slaps you!
* * * LOW HITPOINT WARNING * * *
The cyan ugly thing shocks you!
You die...

#.# #.# #.# #.# +#
###.#### ##.# ..
#......# #..# .##
#.#....###.## ..#
#.#....##..#
#.#.#.#....##.##
#.#.#.#.#....#..# #
#.#@u.#.#....#.##
#.#!#.#.#.#....#.#
#.#.#.#.#.#....#.#
#.#.#.#>#.# #.###
#.#.#.#.#.# #...#
#.#.#.#.#.### #.#.#
#.#.#.#.#...######.#
#.#.#.#..........#.#
#
#.#...##.#####.#.##


You could see a cyan ugly thing (extremely poisoned).

Vanquished Creatures
  2 two-headed ogres
  Erica (D:8)
  A death yak (D:10)
  2 ugly things
  A cyclops (D:11)
  An elephant (D:10)
  A kobold demonologist (D:11)
  2 gargoyles
  2 trolls
  Grinder (D:6)
  2 hornets (D:11)
  Prince Ribbit (D:9)
  7 hippogriffs
  A meliai zombie (D:12)
  A human (D:8)
  4 hogs (D:8)
  2 basilisks (D:10)
  A hungry ghost (D:11)
  4 yaks (D:9)
  Eustachio (D:4)
  3 water moccasins
  5 orc warriors
  3 ice beasts
  A black bear (D:7)
  4 sky beasts
  2 phantoms
  5 ogres
  5 centaurs
  A crocodile (D:8)
  2 big kobolds
  4 bullfrogs
  3 scorpions
  10 wights
  3 howler monkeys
  5 crimson imps
  A bullfrog zombie (D:12)
  2 centaur zombies
  8 orc priests
  5 hounds
  5 jellies
  A bullfrog skeleton (D:9)
  2 centaur skeletons
  5 iguanas
  12 orc wizards
  8 worker ants
  4 hound zombies
  2 hound skeletons
  Robin (D:2)
  A howler monkey zombie (D:5)
  A worker ant zombie (D:6)
  4 gnolls (D:7)
  A howler monkey skeleton (D:9)
  8 adders
  An ooze (D:1)
  An adder skeleton (D:4)
  An adder zombie (D:9)
  4 worms
  A dart slug (D:1)
  2 leopard geckos
  49 orcs
  2 ball pythons
  2 giant cockroaches (D:2)
  12 goblins
  6 hobgoblins
  8 jackals
  23 kobolds
  4 quokkas
  6 bats
  5 frilled lizards
  4 rats
296 creatures vanquished.

Vanquished Creatures (others)
  A fungus (D:10)
  A plant (D:10)
2 creatures vanquished.

Grand Total: 298 creatures vanquished

Notes
Turn   | Place    | Note
-------+----------+-------------------------------------------
     0 | D:1      | JayGee the Minotaur Fighter began the quest for the Orb.
     0 | D:1      | Reached XP level 1. HP: 19/19 MP: 0/0
    72 | D:1      | Reached XP level 2. HP: 27/27 MP: 1/1
    86 | D:1      | Reached skill level 3 in Axes
   567 | D:2      | Reached XP level 3. HP: 33/33 MP: 2/2
   842 | D:2      | Noticed Robin
   860 | D:2      | Reached skill level 4 in Axes
   868 | D:2      | Killed Robin
   956 | D:2      | Found a shattered altar of Ashenzari.
   958 | D:2      | Found a white marble altar of Elyvilon.
  1160 | D:2      | Reached XP level 4. HP: 36/40 MP: 3/3
  1298 | D:2      | Found a sparkling altar of Nemelex Xobeh.
  1299 | D:2      | Found an opulent altar of Gozag.
  1752 | D:3      | Found a bloodstained altar of Trog.
  1779 | D:3      | Reached skill level 5 in Axes
  2133 | D:3      | Reached skill level 6 in Axes
  2133 | D:3      | Reached XP level 5. HP: 13/46 MP: 4/4
  2411 | D:3      | Found a snail-covered altar of Cheibriados.
  2594 | D:3      | Found an ornate altar of the Wu Jian Council.
  2595 | D:3      | Found a hazy altar of Hepliaklqana.
  2706 | D:4      | Got a slimy ring mail
  2708 | D:4      | Identified the +1 ring mail of Veutic {rElec rF+} (You
                  | found it on level 4 of the Dungeon)
  2872 | D:4      | Found a sacrificial altar of Ru.
  2905 | D:4      | Found a sacrificial altar of Ru.
  3103 | D:4      | You fall into a shaft and drop 2 floors!
  3151 | D:6      | Found a snail-covered altar of Cheibriados.
  3159 | D:5      | Entered Level 5 of the Dungeon
  3178 | D:5      | Reached skill level 7 in Axes
  3182 | D:5      | Noticed an ogre
  3190 | D:5      | Killed an ogre
  3190 | D:5      | Reached XP level 6. HP: 22/52 MP: 5/5
  3463 | D:5      | Reached skill level 8 in Axes
  4046 | D:4      | Noticed Eustachio
  4348 | D:4      | Killed Eustachio
  4348 | D:4      | Reached skill level 9 in Axes
  4348 | D:4      | Reached XP level 7. HP: 40/58 MP: 6/6
  4857 | D:5      | Reached skill level 10 in Axes
  5221 | D:6      | Noticed Grinder
  5234 | D:6      | Killed Grinder
  5234 | D:6      | Reached skill level 11 in Axes
  5234 | D:6      | Reached XP level 8. HP: 54/66 MP: 7/7
  5354 | D:6      | Found a staircase to the Ecumenical Temple.
  5366 | Temple   | Entered the Ecumenical Temple
  5404 | Temple   | Became a worshipper of Makhleb the Destroyer
  5556 | D:6      | Reached skill level 12 in Axes
  5999 | D:6      | Noticed a hippogriff
  6007 | D:6      | Killed a hippogriff
  6543 | D:7      | Reached skill level 1 in Invocations
  6592 | D:7      | Reached skill level 13 in Axes
  6608 | D:7      | Noticed amazingginsu's ghost (novice OgBe)
  6615 | D:7      | Found a transporter.
  6620 | D:7      | Found a transporter.
  6658 | D:7      | Noticed a queen bee
  6742 | D:7      | Reached XP level 9. HP: 70/71 MP: 9/9
  6743 | D:7      | Reached * piety under Makhleb
  7596 | D:8      | Noticed Erica
  7626 | D:8      | Killed Erica
  7626 | D:8      | Reached skill level 14 in Axes
  7686 | D:8      | Found Xapeicw's General Store.
  8007 | D:8      | Reached skill level 5 in Invocations
  8033 | D:8      | Found a hide-covered altar of Uskayaw.
  8474 | D:8      | Reached skill level 15 in Axes
  8474 | D:8      | Reached XP level 10. HP: 78/78 MP: 12/12
  8767 | D:9      | Reached ** piety under Makhleb
  8930 | D:9      | Found Enuuzoto's Distillery.
  8968 | D:9      | Found Sylaem's Magic Scroll Emporium.
  8989 | D:9      | Found Bumy's Magic Scroll Boutique.
  8991 | D:9      | Found Gyegam's Jewellery Shoppe.
  9181 | D:9      | Found Wiskec's Jewellery Emporium.
  9196 | D:9      | Noticed a gargoyle
  9197 | D:9      | Noticed Prince Ribbit
  9563 | D:9      | Killed a gargoyle
  9764 | D:9      | Noticed a purple ugly thing
  9897 | D:9      | Killed a brown ugly thing
  9897 | D:9      | Reached skill level 16 in Axes
 10157 | D:9      | Killed Prince Ribbit
 10273 | D:10     | Entered Level 10 of the Dungeon
 10305 | D:10     | Noticed a two-headed ogre
 10348 | D:10     | Found a staircase to the Lair.
 10348 | D:10     | Noticed an elephant
 10348 | D:10     | Noticed a death yak
 11357 | D:10     | Killed a two-headed ogre
 11357 | D:10     | Reached XP level 11. HP: 83/83 MP: 15/15
 11510 | D:10     | Reached skill level 17 in Axes
 11869 | D:10     | Reached *** piety under Makhleb
 12026 | D:10     | Killed a death yak
 13121 | D:11     | Noticed a cyan ugly thing
 13138 | D:10     | Killed a cyan ugly thing
 13446 | D:11     | Reached skill level 5 in Fighting
 13446 | D:11     | Reached skill level 5 in Armour
 13446 | D:11     | Reached skill level 5 in Shields
 13799 | D:11     | Noticed a two-headed ogre
 13830 | D:11     | Killed a two-headed ogre
 13830 | D:11     | Reached **** piety under Makhleb
 14343 | D:11     | Learned a level 1 spell: Foxfire
 14347 | D:11     | Learned a level 3 spell: Conjure Flame
 14353 | D:11     | Learned a level 5 spell: Fireball
 14508 | D:11     | Noticed Erolcha
 14559 | D:11     | Paralysed by Erolcha for 7 turns
 15192 | D:11     | Found a staircase to the Orcish Mines.
 16105 | D:12     | Noticed a cyan ugly thing
 16118 | D:12     | HP: 1/89 [cyan ugly thing (7)]
 16118 | D:12     | Mangled by a cyan ugly thing

Illustrated notes

Levels and vault maps discovered:
D:1:      wander_arrival_chamber, layout_basic
D:2:      layout_basic, grunt_temple_overflow_opulence,
          grunt_temple_overflow_open, corner_web_ring, uniq_robin
D:3:      layout_rooms, overflow_temple_1_default, marbit_many_paths,
          gammafunk_temple_overflow_pools, serial_park_tiny_2
D:4:      layout_basic, nicolae_ru_awakened_eye, kennysheep_flooded_box,
          uniq_eustachio
D:5:      layout_cave_pools, first_ration
D:6:      layout_basic, minmay_temple_entry_butterflies, chei_slow_surprise,
          uniq_grinder
D:7:      lemuel_upstairs_altar, layout_loops_ring, gammafunk_ghost_hive,
          corexii_checkpoint_a
D:8:      layout_gridville, overflow_temple_1_default, serial_shops,
          nicolae_shop_trees, grunt_livestock, uniq_erica
D:9:      layout_small_grid, serial_shops, nicolae_shop_stone,
          nicolae_shop_stone, nicolae_shop_waterfront, shop, shop,
          uniq_prince_ribbit1
D:10:     minmay_s_stair_smasher, layout_rooms, david_lair_generic
D:11:     layout_irregular_city, hiddenorc1_lemuel, minmay_orc_keep,
          uniq_erolcha
D:12:     layout_basic, serial_co_window_serial, co_window_paths_b,
          co_window_paths_a, co_window_of_opportunity_a, co_window_paths_b,
          co_window_corner_a, co_window_paths_b, co_window_2corner,
          co_window_paths_c, co_window_corner_ca, co_window_2corner,
          co_window_paths_c, co_window_unsneaky_path_b, glass_columns_a,
          glass_columns_c
Temple:   minmay_temple_forest_path

Skill      XL: |  1  2  3  4  5  6  7  8  9 10 11 |
---------------+----------------------------------+-----
Axes           | 3 4 6 7 9 11 13 15 16 17 | 17.6
Invocations    | 2 5 7 8 |  8.7
Fighting       | 6 |  6.0
Armour         | 6 |  6.0
Shields        | 6 |  6.0
Spellcasting   | |  0.1
Conjurations   | |  0.5
Fire Magic     | |  0.5

Action                   |  1- 3 |  4- 6 |  7- 9 | 10-12 || total
-------------------------+-------+-------+-------+-------++-------
Melee: War axe           |    98 |   133 |   247 |   485 ||   963
       Headbutt          |    14 |    18 |    50 |   110 ||   192
Throw: Dart              |       |     3 |       |    21 ||    24
       Boomerang         |       |       |       |    21 ||    21
Evoke: Wand              |       |       |       |    10 ||    10
  Use: Potion            |       |     2 |     1 |     3 ||     6
       Scroll            |       |     6 |     6 |     7 ||    19
  Eat: Chunk             |     1 |     6 |     6 |     4 ||    17
       Ration            |       |     1 |     3 |     7 ||    11
Armor: Scale mail        |    58 |    39 |       |    16 ||   113
       Ring mail         |       |     4 |       |       ||     4
       Chain mail        |       |    16 |    88 |   113 ||   217
       Plate armour      |       |       |       |    28 ||    28
Dodge: Dodged            |    38 |    39 |    38 |    73 ||   188
Block: Kite shield       |    49 |    75 |    99 |   210 ||   433
